 Dungeon Crawl Stone Soup version 0.24-a0-244-ga6a6ab7 (webtiles) character file.

Game seed: 7365861282672635481

33 Lanoc the Chopper (level 3, -8/30 HPs)
             Began as a Minotaur Gladiator on Apr 10, 2019.
             Killed from afar by Natasha (11 damage)
             ... with a magic dart
             ... on level 2 of the Dungeon.
             The game lasted 00:00:47 (388 turns).

Lanoc the Chopper (Minotaur Gladiator)               Turns: 388, Time: 00:00:48

Health: -8/30      AC:  3    Str: 18    XL:     3   Next: 12%
Magic:  2/2        EV: 13    Int:  5    God:
Gold:   27         SH:  0    Dex: 12    Spells: 2/2 levels left

rFire    . . .     SeeInvis .   a - +0 war axe
rCold    . . .     Gourm    .   (no shield)
rNeg     . . .     Faith    .   b - +0 leather armour
rPois    .         Spirit   .   c - +0 hat
rElec    .         Reflect  .   (no cloak)
rCorr    .         Harm     .   (no gloves)
MR       .....                  (no boots)
Stlth    +.........             (no amulet)
HPRegen  0.10/turn              (no ring)
MPRegen  0.08/turn              (no ring)

@: no status effects
A: retaliatory headbutt, horns 2
a: no special abilities


You were on level 2 of the Dungeon.
You were not hungry.

You visited 1 branch of the dungeon, and saw 2 of its levels.

You collected 27 gold pieces.

Inventory:

Hand Weapons
 a - a +0 war axe (weapon)
Missiles
 d - 3 throwing nets (quivered)
Armour
 b - a +0 leather armour (worn)
 c - a +0 hat (worn)
Scrolls
 e - a scroll of remove curse {unknown}
 h - a scroll of identify {unknown}
 i - a scroll of enchant weapon {unknown}
 k - a scroll of enchant armour {unknown}
Potions
 g - a potion of lignification {unknown}
 j - a potion of might {unknown}
Comestibles
 f - a ration


   Skills:
 + Level 2.9 Fighting
 * Level 4.3 Axes
 - Level 2.0 Throwing
 + Level 1.2 Armour
 + Level 3.6 Dodging


You had 2 spell levels left.
You didn't know any spells.
Your spell library was empty.

Dungeon Overview and Level Annotations

Branches:
Dungeon (2/15)

Altars:

Annotations:
D:2 Natasha


Innate Abilities, Weirdness & Mutations

You reflexively headbutt those who attack you in melee.
You have a pair of horns on your head.


Message History

Natasha is heavily wounded.
You hit the white imp. The white imp closely misses you. Natasha claws you.
The white imp hits you but does no damage.
Natasha claws you.
You barely miss Natasha.
Natasha is heavily wounded.
You hit the white imp but do no damage. The white imp gestures at you.
The puff of frost hits you!
Natasha hisses.
Natasha claws you but does no damage.
You barely miss Natasha.
Natasha is heavily wounded.
You hit the white imp. The white imp gestures at you.
The puff of frost hits you!
* * * LOW HITPOINT WARNING * * *
Natasha stares at you and mumbles some strange words.
The magic dart hits you!
You die...

#... ....#
#...# #!...#
#.$.. #....#
#....###>...#
#.....##....#
#...#.......#
#....#.....####
#@.<........
#.5h5##........
#.##.#..###....
#. #...## .. #
..##. h... #.
.... #. . .. #.
..


You could see Natasha and 2 white imps.

Vanquished Creatures
  Natasha (D:2)
  A dart slug (D:1)
  3 hobgoblins (D:1)
  A kobold (D:1)
  A rat (D:1)
7 creatures vanquished.

Notes
Turn   | Place    | Note
-------+----------+-------------------------------------------
     0 | D:1      | Lanoc the Minotaur Gladiator began the quest for the Orb.
     0 | D:1      | Reached XP level 1. HP: 18/18 MP: 0/0
     0 | D:1      | Noticed a shadow dragon
     0 | D:1      | Noticed an ice dragon
     2 | D:1      | Noticed a tentacled monstrosity
     4 | D:1      | Noticed an ice dragon
     7 | D:1      | Noticed an ice dragon
     8 | D:1      | Noticed an ice dragon
     9 | D:1      | Noticed a large abomination
    11 | D:1      | Noticed a green draconian
    13 | D:1      | Noticed an iron dragon
    15 | D:1      | Noticed a red draconian
    15 | D:1      | Noticed a shadow dragon
    17 | D:1      | Noticed a shadow dragon
    17 | D:1      | Noticed a green draconian
    19 | D:1      | Noticed an ice dragon
    21 | D:1      | Noticed a large abomination
    70 | D:1      | Reached XP level 2. HP: 17/25 MP: 1/1
    98 | D:2      | Noticed Natasha
   103 | D:2      | Noticed a crimson imp
   104 | D:2      | Killed Natasha
   104 | D:2      | Reached skill level 4 in Axes
   104 | D:2      | Reached skill level 1 in Armour
   104 | D:2      | Reached XP level 3. HP: 2/30 MP: 2/2
   224 | D:2      | Noticed Natasha
   388 | D:2      | Killed from afar by Natasha

Levels and vault maps discovered:
D:1:      shiori_arrival_whats_in_store_for_you, layout_rooms,
          serial_bayou_pond_a
D:2:      layout_rooms, serial_bayou, serial_bayou_pond_e, serial_bayou_pond_a,
          serial_bayou_crossing, serial_bayou_lagoon_b, uniq_crazy_yiuf_cottage,
          uniq_natasha, uniq_terence

Skill      XL: |  1  2 |
---------------+-------+-----
Axes           | 4 |  4.3
Armour         | 1 |  1.2
Fighting       | |  2.9
Throwing       | |  2.0
Dodging        | |  3.6

Action                   || total
-------------------------++-------
Melee: War axe           ||    24
       Headbutt          ||     1
Armor: Leather armour    ||     3
Dodge: Dodged            ||    10

Table legend:
 A = Non-vault XP
 B = Vault XP
 C = Vault XP percentage of total XP
 D = Non-vault monster count
 E = Vault monster count
 F = Vault count percentage of total count
                 A         B        C        D         E       F
            +---------+---------+-------+---------+---------+-------
      Total |      13 |      35 |  72.9 |       6 |       1 |  14.3
            +---------+---------+-------+---------+---------+-------
        D:1 |      13 |       0 |   0.0 |       6 |       0 |   0.0
        D:2 |       0 |      35 | 100.0 |       0 |       1 | 100.0
            +---------+---------+-------+---------+---------+-------
